 Dungeon Crawl Stone Soup version 0.30.0-20-g3615ddf2f0 (webtiles) character file.

Game seed: 17382132044443335414

102129 qw the Peltast (level 16, -1/101 HPs)
             Began as a Gargoyle Fighter on May 31, 2023.
             Was an Elder of Okawaru.
             Killed by divine providence
             ... invoked by an orc priest
              (12 damage)
             ... on level 2 of the Orcish Mines.
             The game lasted 00:13:13 (23748 turns).

qw the Peltast (Gargoyle Fighter)                  Turns: 23748, Time: 00:13:14

Health: -1/101     AC: 42    Str: 31    XL:     16   Next: 32%
Magic:  23/23      EV: 10    Int: 10    God:    Okawaru [****..]
Gold:   1098       SH: 25    Dex:  9    Spells: 15/15 levels left

rFire   . . .        Y - +10 war axe (spect)
rCold   + + +        E - +0 tower shield "Ongunuus" {Contam rC+++ Will+++}
rNeg    + . .        F - +1 plate armour {rPois}
rPois   inf          l - +2 hat
rElec   +            p - +2 cloak
rCorr   .            k - +2 pair of gloves
SInv    +            o - +1 pair of boots
Will    ++++.        D - amulet of reflection Stlth
                     b - ring of see invisible
HPRegen 0.36/turn    m - +6 ring of strength
MPRegen 0.18/turn

%: reflection
@: heroic, flying
A: sickness immunity, AC +12, big wings, negative energy resistance 1,
electricity resistance, torment resistance 1, petrification resistance, horns 1,
weak 1
a: Renounce Religion, Heroism, Finesse


You were on level 2 of the Orcish Mines.
You worshipped Okawaru.
Okawaru was greatly pleased with you.
You visited 4 branches of the dungeon, and saw 23 of its levels.

You collected 2170 gold pieces.
You spent 1072 gold pieces at shops.


Innate Abilities, Weirdness & Mutations

You are immune to sickness and miasma.
Your stone body is resilient. (AC +12)
You are immune to poison.
Your large and strong wings let you fly.
You resist negative energy. (rN+)
You are resistant to electric shocks. (rElec)
You are resistant to unholy torment.
You are immune to petrification.
You have a pair of small horns on your head.
You are weak. (Str -2)


   Skills:
 - Level 12.0(17.0) Fighting
 - Level 16.0(21.0) Axes
 - Level 6.0(11.0) Throwing
 - Level 11.0(16.0) Armour
 - Level 3.3(8.3) Dodging
 + Level 16.1(21.1) Shields
 - Level 10.0 Invocations


You had 15 spell levels left.
You didn't know any spells.
Your spell library was empty.

Inventory:

Hand Weapons
 x - a +2 war axe of flaming
 Y - a +10 spectral war axe (weapon)
Missiles
 A - 9 boomerangs (quivered)
Armour
 f - +0 acid dragon scales
 i - a +2 chain mail of cold resistance
 k - a +2 pair of gloves (worn)
 l - a +2 hat (worn)
 o - a +1 pair of boots (worn)
 p - a +2 cloak (worn)
 z - +0 fire dragon scales
 E - the +0 tower shield "Ongunuus" (worn) {Contam rC+++ Will+++}
   (You took it off Louise on level 14 of the Dungeon)

   rC:        It renders you almost immune to cold.
   Contam:    It causes magical contamination when unequipped.
   Will:      It greatly increases your willpower.
 F - a +1 plate armour of poison resistance (worn)
Jewellery
 b - a ring of see invisible (left hand)
 m - a +6 ring of strength (right hand)
 w - a ring of see invisible
 D - an amulet of reflection (around neck)
Wands
 q - a wand of digging (3)
Scrolls
 g - 2 scrolls of enchant weapon
 t - 15 scrolls of identify
 v - 3 scrolls of teleportation
Potions
 a - 2 potions of lignification
 c - 5 potions of heal wounds
 d - 6 potions of might
 e - 5 potions of attraction
 h - 6 potions of curing
 j - 4 potions of mutation
 n - 4 potions of resistance
 r - 3 potions of haste
 u - 2 potions of cancellation

Dungeon Overview and Level Annotations

Branches:
Dungeon (15/15)            Temple (1/1) D:7            Lair (5/5) D:11
 Shoals (0/4) Lair:3        Snake (0/4) Lair:2        Slime (0/5) Lair:5
    Orc (2/2) D:12            Elf (0/3) Orc:2        Vaults (0/5) D:14
 Depths (0/4) D:15

Altars:
Ashenzari
Cheibriados
Dithmenos
Elyvilon
Fedhas
Gozag
Hepliaklqana
Kikubaaqudgha
Makhleb
Nemelex Xobeh
Okawaru
Qazlal
Ru
Sif Muna
Trog
Uskayaw
Vehumet
Wu Jian
Xom
Yredelemnul
Zin
The Shining One

Shops:
D:4 *   D:12 :   D:15 [

Portals:
Abyss: Lair:5

Annotations:
D:3 3 runed translucent doors, qw's ghost, amateur GrFi
D:11 2 runed translucent doors
Lair:5 2 transporters, qw's ghost, journeyman GrFi
Orc:2 2 runed translucent doors, qw's ghost, journeyman GrFi


Message History

Your +10 spectral war axe hits the orc high priest.
The orc high priest hits you but does no damage.
The orc priest hits you but does no damage.
You block the red devil's attack.
You slash the orc priest!
The orc priest is severely wounded.
Your +10 spectral war axe hits the orc priest.
Your +10 spectral war axe hits the orc high priest.
You block the orc high priest's attack.
The orc priest mumbles some strange prayers to Beogh against you.
You resist with almost no effort.
The orc priest calls down the wrath of Beogh upon you.
Beogh smites you!
You hear a shout!
You slice the orc priest!!
You kill the orc priest!
Okawaru accepts your kill.
Your +10 spectral war axe disappears.
You block the red devil's attack.
You slash the soul eater!
You headbutt the soul eater, but do no damage.
The soul eater is lightly wounded.
Your +10 spectral war axe barely misses the soul eater.
Your +10 spectral war axe hits the orc high priest!
The orc high priest hits your +10 spectral war axe with a +0 trident.
Your spectral weapon shares its damage with you!
You block the red devil's attack. You block the soul eater's attack.
You closely miss the soul eater.
The soul eater is lightly wounded.
Your +10 spectral war axe hits the soul eater!
Your +10 spectral war axe hits the orc high priest!
The smoke demon gestures at you. Beogh smites you!
An orc priest comes into view. It is wielding a +0 hand axe.
The orc high priest calls down the wrath of Beogh upon your +10 spectral war axe.
Your +10 spectral war axe is smitten.
Your spectral weapon shares its damage with you!
The orc priest invokes the aid of Beogh against you.
Beogh smites you!
You die...

#. #.~~..#.#...## #..##
.#~.)..##.### #..#.#
###~#~####.# .#.....##
#########.### .3o.....#
##........##.# ...oo.#
#............##
#.4.####............#
#..#oo3#........#......#
#.....(@##.....####.....
#..#.#.#........# #.....
#. ##..........####.....
##..#.......##......
####....<..........
###.............
#..............
##..........#.#
#..........###


You could see a soul eater (summoned), an orc high priest (distracted, ally
target), a smoke demon (summoned), a red devil (summoned), 4 orc priests and a
friendly +10 spectral war axe.

Vanquished Creatures
  Louise (D:14)
  2 orc warlords (Orc:1)
  A very ugly thing (D:15)
  Josephine (D:11)
  A fire dragon (Lair:5)
  A rakshasa (D:15)
  11 hydras
  An ogre mage (D:15)
  Harold (D:9)
  A catoblepas (D:13)
  6 centaur warriors
  7 boulder beetles
  Erica (D:8)
  A death yak (Lair:4)
  5 two-headed ogres
  An orc high priest (Orc:1)
  4 skysharks
  Sonja (D:10)
  Amaemon (Lair:2)
  An iron troll (D:14)
  A glowing orange brain (D:15)
  A swamp dragon (Lair:5)
  2 orc knights
  Pikel (D:4)
  A harpy (Lair:3)
  A wizard (D:14)
  A deep elf pyromancer (D:13)
  A deep elf zephyrmancer (D:8)
  2 orc sorcerers
  19 ugly things
  3 cyclopes
  4 manticores
  12 elephants
  A guardian serpent (Lair:2)
  3 slime creatures (D:15)
  A black mamba (shapeshifter) (D:15)
  An orange demon (Lair:2)
  4 black mambas
  Psyche (D:8)
  2 unseen horrors
  3 torpor snails
  Maggie (D:9)
  A gargoyle (D:12)
  22 cane toads
  13 komodo dragons
  3 kobold demonologists (D:14)
  A freezing wraith (D:14)
  3 rime drakes
  An efreet (D:14)
  9 polar bears (Lair:5)
  10 trolls
  Prince Ribbit (D:8)
  A raiju (Lair:5)
  14 blink frogs
  A dream sheep (shapeshifter) (D:15)
  A shadow (D:10)
  3 wyverns
  62 yaks
  A water elemental (D:15)
  6 wraiths
  5 basilisks
  A steam dragon (D:9)
  Menkaure (D:5)
  8 vampire mosquitoes
  Edmund (D:5)
  A harpy simulacrum (D:15)
  10 acid dragons
  8 wargs
  13 water moccasins
  16 hell hounds (Lair:5)
  A floating eye (shapeshifter) (D:14)
  2 swamp drakes (Lair:5)
  2 ice beasts
  12 black bears
  29 orc warriors
  8 ogres
  13 wolves (Lair:5)
  20 centaurs
  2 phantoms
  A lemure (D:4)
  3 kobold brigands
  Blork the orc (D:4)
  6 bullfrogs
  A scorpion (D:4)
  11 wights
  4 killer bees (D:10)
  12 howler monkeys
  3 hounds
  2 jellies (D:6)
  19 orc priests
  A sleepcap (D:6)
  2 gnoll boudas
  8 iguanas
  23 orc wizards
  Robin (D:4)
  4 adders
  18 gnolls
  5 shadow imps
  2 white imps
  3 ufetubi
  2 worms
  2 dart slugs
  80 orcs
  6 bats
  6 endoplasms
  5 giant cockroaches
  15 goblins
  10 hobgoblins
  6 jackals
  24 kobolds
  3 quokkas
  13 ball pythons
  A frilled lizard (D:2)
  5 rats
729 creatures vanquished.

Vanquished Creatures (others)
  Nessos (D:14)
  An orc (Orc:1)
  3 spectral weapons (Orc:1)
5 creatures vanquished.

Grand Total: 734 creatures vanquished

Notes
Turn   | Place    | Note
-------+----------+-------------------------------------------
     0 | D:1      | qw the Gargoyle Fighter began the quest for the Orb.
     0 | D:1      | Reached XP level 1. HP: 14/14 MP: 1/1
     0 | D:1      | 0 ||| qw: Version: 0.2-a-102-gfc559e5
     0 | D:1      | 0 ||| qw: Game counter: 602
     0 | D:1      | 0 ||| qw: Always use a shield: true
     0 | D:1      | 0 ||| qw: God list: Okawaru
     0 | D:1      | 0 ||| qw: Allow faded altars: false
     0 | D:1      | 0 ||| qw: Do Orc after D:15 true
     0 | D:1      | 0 ||| qw: Do second Lair branch before Depths: true
     0 | D:1      | 0 ||| qw: Lair rune preference: random
     0 | D:1      | 0 ||| qw: Plans: Normal, Zot:1-4, Slime:5, God:TSO, Crypt,
                  | Tomb, Pan, Hells, Abyss, Win
     0 | D:1      | 0 ||| PLANNING D:1-11
    65 | D:1      | Reached XP level 2. HP: 19/19 MP: 2/2
   491 | D:1      | 491 ||| Stepping ~*~*~tactically~*~*~ (stealth).
   517 | D:1      | Reached skill level 3 in Axes
   591 | D:1      | Reached XP level 3. HP: 21/23 MP: 3/3
   652 | D:1      | 652 ||| UPGRADING to +0 chain mail.
   662 | D:1      | 662 ||| DROPPING +0 scale mail.
   663 | D:1      | 663 ||| READING scroll labelled WUPLIM GUARCH.
   666 | D:1      | 666 ||| READING scroll labelled DEVALA CYESHAN.
   667 | D:1      | 667 ||| READING scroll labelled BAFUGA FAGOI.
   668 | D:1      | 668 ||| READING scroll labelled QYUF LEOQIL.
   683 | D:1      | 683 ||| DRINKING 2 coppery potions.
   683 | D:1      | Gained mutation: You are weak. (Str -2) [potion of
                  | mutation]
   683 | D:1      | Gained mutation: You have a pair of small horns on your
                  | head. [potion of mutation]
   919 | D:2      | 919 ||| DROPPING +0 club.
  1112 | D:2      | 1112 ||| Stepping ~*~*~tactically~*~*~ (stealth).
  1307 | D:2      | 1307 ||| Stepping ~*~*~tactically~*~*~ (stealth).
  1327 | D:2      | 1327 ||| FLEEEEING.
  1328 | D:2      | 1328 ||| FLEEEEING.
  1329 | D:2      | 1329 ||| FLEEEEING.
  1330 | D:2      | 1330 ||| FLEEEEING.
  1331 | D:2      | 1331 ||| FLEEEEING.
  1332 | D:2      | 1332 ||| FLEEEEING.
  1333 | D:2      | 1333 ||| FLEEEEING.
  1334 | D:2      | 1334 ||| FLEEEEING.
  1336 | D:2      | 1336 ||| FLEEEEING.
  1337 | D:2      | 1337 ||| FLEEEEING.
  1338 | D:2      | 1338 ||| FLEEEEING.
  1339 | D:2      | 1339 ||| FLEEEEING.
  1340 | D:2      | 1340 ||| FLEEEEING.
  1341 | D:2      | 1341 ||| FLEEEEING.
  1342 | D:2      | 1342 ||| FLEEEEING.
  1345 | D:2      | 1345 ||| FLEEEEING.
  1346 | D:2      | 1346 ||| FLEEEEING.
  1347 | D:2      | 1347 ||| FLEEEEING.
  1348 | D:2      | 1348 ||| FLEEEEING.
  1512 | D:2      | 1512 ||| Stepping ~*~*~tactically~*~*~ (hiding).
  1682 | D:2      | Reached XP level 4. HP: 28/28 MP: 4/4
  1851 | D:2      | 1851 ||| UPGRADING to +0 pair of gloves.
  1856 | D:2      | 1856 ||| UPGRADING to +0 pair of boots.
  1861 | D:2      | 1861 ||| UPGRADING to +2 cloak.
  1866 | D:2      | 1866 ||| READING scroll labelled NILAGGA UFUL.
  1867 | D:2      | 1867 ||| READING scroll labelled NEFOJIZORE.
  1868 | D:2      | 1868 ||| READING scroll labelled ULECAUCAKU.
  1869 | D:2      | 1869 ||| READING scroll labelled YBIBONOISU.
  1870 | D:2      | 1870 ||| READING scroll labelled FACUGR ZACZO.
  1892 | D:3      | Found a runed translucent gate.
  1892 | D:3      | Noticed qw's ghost (amateur GrFi)
  1893 | D:3      | Found a runed translucent gate.
  1893 | D:3      | Identified the +1 leather armour of Vexation {Rampage
                  | Slay-3 SInv}
  1894 | D:3      | Found a runed translucent gate.
  1997 | D:3      | 1997 ||| Stepping ~*~*~tactically~*~*~ (stealth).
  2006 | D:3      | 2006 ||| Stepping ~*~*~tactically~*~*~ (stealth).
  2012 | D:3      | 2012 ||| Stepping ~*~*~tactically~*~*~ (stealth).
  2013 | D:3      | 2013 ||| Stepping ~*~*~tactically~*~*~ (stealth).
  2186 | D:3      | Found a blossoming altar of Fedhas.
  2467 | D:3      | 2467 ||| DROPPING +0 whip.
  2593 | D:3      | 2593 ||| Stepping ~*~*~tactically~*~*~ (hiding).
  2781 | D:3      | Found a hide-covered altar of Uskayaw.
  2874 | D:3      | 2874 ||| DROPPING +6 ring of intelligence.
  2875 | D:3      | 2875 ||| READING 2 scrolls labelled REESAWK RORRE.
  2876 | D:3      | 2876 ||| DRINKING 2 golden potions.
  2877 | D:3      | 2877 ||| DRINKING 2 smoky emerald potions.
  2878 | D:3      | 2878 ||| DROPPING scroll of amnesia.
  2928 | D:4      | 2928 ||| Stepping ~*~*~tactically~*~*~ (stealth).
  2929 | D:4      | 2929 ||| Stepping ~*~*~tactically~*~*~ (stealth).
  2937 | D:4      | Noticed Robin
  2945 | D:4      | Killed Robin
  2946 | D:4      | Reached XP level 5. HP: 32/32 MP: 5/5
  3278 | D:4      | 3278 ||| Stepping ~*~*~tactically~*~*~ (hiding).
  3279 | D:4      | 3279 ||| Stepping ~*~*~tactically~*~*~ (hiding).
  3282 | D:4      | Noticed Blork the orc
  3284 | D:4      | 3284 ||| DRINKING potion of curing.
  3284 | D:4      | 3284 ||| (to cure confusion)
  3290 | D:4      | Reached XP level 6. HP: 33/38 MP: 6/6
  3294 | D:4      | Killed Blork the orc
  3295 | D:4      | 3295 ||| FLEEEEING.
  3388 | D:4      | 3388 ||| DROPPING +0 flail.
  3397 | D:4      | 3397 ||| Stepping ~*~*~tactically~*~*~ (stealth).
  3455 | D:4      | Noticed Pikel
  3480 | D:4      | HP: 8/38 [Pikel/+2 whip of electrocution (3)]
  3481 | D:4      | 3481 ||| READING scroll of teleportation.
  3485 | D:4      | Killed Pikel
  3486 | D:4      | Reached XP level 7. HP: 5/43 MP: 7/7
  3692 | D:4      | Reached skill level 1 in Dodging
  3692 | D:4      | Reached XP level 8. HP: 35/48 MP: 8/8
  3866 | D:4      | Found Xauh Tibig's Serpentskin Sales.
  4034 | D:4      | 4034 ||| DROPPING ring of flight.
  4035 | D:4      | 4035 ||| DRINKING 2 ruby potions.
  4036 | D:4      | 4036 ||| DROPPING potion of magic.
  4042 | D:5      | Entered Level 5 of the Dungeon
  4043 | D:5      | Noticed Edmund
  4057 | D:5      | Killed Edmund
  4452 | D:5      | Noticed Menkaure
  4460 | D:5      | Killed Menkaure
  4461 | D:5      | Reached skill level 6 in Fighting
  5027 | D:5      | 5027 ||| UPGRADING to ring of see invisible.
  5028 | D:5      | 5028 ||| READING scroll labelled XIMNAKUKHLU.
  5104 | D:6      | Reached XP level 9. HP: 56/56 MP: 9/9
  5172 | D:6      | 5172 ||| Stepping ~*~*~tactically~*~*~ (stealth).
  5185 | D:6      | Reached skill level 9 in Axes
  5214 | D:6      | Noticed a cyan ugly thing
  5235 | D:6      | Killed a cyan ugly thing
  5352 | D:6      | Identified the +0 robe of Ru's Hatred {Dex+3}
  5500 | D:6      | 5500 ||| READING scroll of enchant weapon.
  5500 | D:6      | 5500 ||| ENCHANTING +1 war axe of draining.
  5792 | D:6      | 5792 ||| Stepping ~*~*~tactically~*~*~ (hiding).
  5793 | D:6      | 5793 ||| Stepping ~*~*~tactically~*~*~ (hiding).
  5794 | D:6      | 5794 ||| Stepping ~*~*~tactically~*~*~ (hiding).
  5816 | D:6      | 5816 ||| Stepping ~*~*~tactically~*~*~ (stealth).
  6151 | D:6      | 6151 ||| DROPPING amulet of magic regeneration.
  6152 | D:6      | 6152 ||| READING 3 scrolls labelled EJEIDWOLUE.
  6153 | D:6      | 6153 ||| READING 2 scrolls of identify.
  6153 | D:6      | 6153 ||| IDENTIFYING fuming emerald potion
  6194 | D:7      | 6194 ||| FLEEEEING.
  6195 | D:7      | 6195 ||| FLEEEEING.
  6196 | D:7      | 6196 ||| FLEEEEING.
  6197 | D:7      | 6197 ||| FLEEEEING.
  6198 | D:7      | 6198 ||| STAIRDANCE
  6305 | D:7      | 6305 ||| STAIRDANCE
  6440 | D:7      | Reached skill level 1 in Throwing
  6441 | D:7      | 6441 ||| STAIRDANCE
  6522 | D:6      | 6522 ||| SWAPPING to +10 war axe.
  6523 | D:6      | 6523 ||| DROPPING +2 war axe of draining.
  6652 | D:7      | Found a staircase to the Ecumenical Temple.
  6653 | D:7      | 6653 ||| PLANNING TEMPLE
  6657 | Temple   | Entered the Ecumenical Temple
  6704 | Temple   | 6704 ||| PLANNING OKAWARU WORSHIP
  6768 | Temple   | Became a worshipper of Warmaster Okawaru
  6768 | Temple   | 6768 ||| PLANNING D:1-11
  6963 | D:7      | 6963 ||| READING scroll of enchant armour.
  6963 | D:7      | 6963 ||| ENCHANTING +0 pair of gloves.
  7083 | D:7      | 7083 ||| READING scroll labelled ENITSO KIULARE.
  7084 | D:7      | 7084 ||| DRINKING 2 sedimented cyan potions.
  7190 | D:7      | 7190 ||| READING 2 scrolls of identify.
  7190 | D:7      | 7190 ||| IDENTIFYING green potion
  7191 | D:7      | 7191 ||| DROPPING potion of berserk rage.
  7226 | D:8      | Found a white marble altar of Elyvilon.
  7240 | D:8      | Reached XP level 10. HP: 63/63 MP: 10/10
  7248 | D:8      | Noticed Psyche
  7254 | D:8      | Killed Psyche
  7255 | D:8      | Reached skill level 6 in Armour
  7281 | D:8      | 7281 ||| Stepping ~*~*~tactically~*~*~ (hiding).
  7282 | D:8      | 7282 ||| FLEEEEING.
  7298 | D:8      | 7298 ||| DRINKING 2 potions of curing.
  7298 | D:8      | 7298 ||| (to cure confusion)
  7512 | D:8      | 7512 ||| Stepping ~*~*~tactically~*~*~ (stealth).
  7549 | D:8      | 7549 ||| Stepping ~*~*~tactically~*~*~ (hiding).
  7651 | D:8      | Reached * piety under Okawaru
  7666 | D:8      | Found a broken altar of Ashenzari.
  7807 | D:8      | Noticed Prince Ribbit
  7812 | D:8      | Killed Prince Ribbit
  7813 | D:8      | Reached skill level 1 in Invocations
  7887 | D:8      | 7887 ||| Stepping ~*~*~tactically~*~*~ (hiding).
  7893 | D:8      | 7893 ||| Stepping ~*~*~tactically~*~*~ (hiding).
  7896 | D:8      | Noticed Erica
  7896 | D:8      | 7896 ||| INVOKING Heroism.
  7898 | D:8      | 7898 ||| Stepping ~*~*~tactically~*~*~ (hiding).
  7900 | D:8      | 7900 ||| Stepping ~*~*~tactically~*~*~ (hiding).
  7911 | D:8      | 7911 ||| INVOKING Heroism.
  7912 | D:8      | Killed Erica
  7913 | D:8      | Reached skill level 3 in Invocations
  7977 | D:8      | Noticed a deep elf zephyrmancer
  7981 | D:8      | Killed a deep elf zephyrmancer
  7981 | D:8      | Reached ** piety under Okawaru
  8142 | D:8      | 8142 ||| UPGRADING to +0 plate armour.
  8152 | D:8      | 8152 ||| DROPPING +0 chain mail.
  8153 | D:8      | 8153 ||| DROPPING orb of guile.
  8154 | D:8      | 8154 ||| READING scroll labelled SUMOUG XEOH.
  8155 | D:8      | 8155 ||| DRINKING 2 brown potions.
  8156 | D:8      | 8156 ||| READING 2 scrolls of identify.
  8156 | D:8      | 8156 ||| IDENTIFYING red potion
  8157 | D:8      | 8157 ||| DROPPING potion of invisibility.
  8191 | D:9      | 8191 ||| Stepping ~*~*~tactically~*~*~ (stealth).
  8192 | D:9      | 8192 ||| Stepping ~*~*~tactically~*~*~ (stealth).
  8200 | D:9      | 8200 ||| INVOKING Heroism.
  8349 | D:9      | 8349 ||| INVOKING Heroism.
  8374 | D:9      | Noticed a two-headed ogre
  8380 | D:9      | 8380 ||| INVOKING Heroism.
  8382 | D:9      | Killed a two-headed ogre
  8399 | D:9      | 8399 ||| Stepping ~*~*~tactically~*~*~ (stealth).
  8406 | D:9      | 8406 ||| Stepping ~*~*~tactically~*~*~ (stealth).
  8413 | D:9      | 8413 ||| INVOKING Heroism.
  8557 | D:9      | 8557 ||| Stepping ~*~*~tactically~*~*~ (hiding).
  8558 | D:9      | 8558 ||| Stepping ~*~*~tactically~*~*~ (hiding).
  8564 | D:9      | Reached XP level 11. HP: 68/68 MP: 14/14
  8572 | D:9      | 8572 ||| INVOKING Heroism.
  8593 | D:9      | 8593 ||| INVOKING Heroism.
  8595 | D:9      | Reached skill level 9 in Fighting
  8595 | D:9      | Noticed Harold
  8607 | D:9      | Killed Harold
  8608 | D:9      | HP: 11/71 [orc/+1 morningstar of protection (9)]
  8609 | D:9      | 8609 ||| DRINKING potion of heal wounds.
  8799 | D:9      | Identified the +1 leather armour of Satisfaction {+Blink
                  | Stlth+}
  9001 | D:9      | 9001 ||| INVOKING Heroism.
  9041 | D:9      | Noticed Maggie
  9046 | D:9      | Killed Maggie
  9046 | D:9      | Reached *** piety under Okawaru
  9049 | D:9      | 9049 ||| DROPPING +4 hand axe of flaming.
  9172 | D:9      | 9172 ||| Stepping ~*~*~tactically~*~*~ (hiding).
  9174 | D:9      | 9174 ||| Stepping ~*~*~tactically~*~*~ (hiding).
  9177 | D:9      | 9177 ||| INVOKING Heroism.
  9383 | D:9      | 9383 ||| UPGRADING to +0 kite shield.
  9393 | D:9      | 9393 ||| DROPPING +0 buckler.
  9394 | D:9      | 9394 ||| READING scroll labelled HAONUA NOCO.
  9395 | D:9      | 9395 ||| READING 2 scrolls of identify.
  9395 | D:9      | 9395 ||| IDENTIFYING fizzy red potion
  9396 | D:9      | 9396 ||| DROPPING potion of ambrosia.
  9415 | D:10     | Entered Level 10 of the Dungeon
  9452 | D:10     | Found a shimmering blue altar of Sif Muna.
  9452 | D:10     | Found a sparkling altar of Nemelex Xobeh.
  9453 | D:10     | Noticed a two-headed ogre
  9454 | D:10     | 9454 ||| DRINKING 2 fizzy white potions.
  9455 | D:10     | 9455 ||| READING 2 scrolls of identify.
  9455 | D:10     | 9455 ||| IDENTIFYING clear potion
  9482 | D:10     | 9482 ||| INVOKING Heroism.
  9495 | D:10     | Reached skill level 6 in Shields
  9733 | D:10     | 9733 ||| FLEEEEING.
  9736 | D:10     | 9736 ||| FLEEEEING.
  9857 | D:10     | Noticed Sonja
  9858 | D:10     | 9858 ||| Stepping ~*~*~tactically~*~*~ (hiding).
  9864 | D:10     | 9864 ||| Stepping ~*~*~tactically~*~*~ (hiding).
  9875 | D:10     | 9875 ||| INVOKING Heroism.
  9876 | D:10     | Killed Sonja
 10087 | D:10     | 10087 ||| INVOKING Heroism.
 10091 | D:10     | Killed a two-headed ogre
 10371 | D:11     | 10371 ||| Stepping ~*~*~tactically~*~*~ (stealth).
 10393 | D:11     | 10393 ||| Stepping ~*~*~tactically~*~*~ (stealth).
 10396 | D:11     | 10396 ||| Stepping ~*~*~tactically~*~*~ (stealth).
 10404 | D:11     | Reached skill level 9 in Shields
 10404 | D:11     | Noticed a two-headed ogre
 10405 | D:11     | 10405 ||| INVOKING Heroism.
 10416 | D:11     | Killed a two-headed ogre
 10416 | D:11     | Reached **** piety under Okawaru
 10457 | D:11     | 10457 ||| Stepping ~*~*~tactically~*~*~ (hiding).
 10461 | D:11     | 10461 ||| INVOKING Heroism.
 10471 | D:11     | Reached XP level 12. HP: 67/76 MP: 13/15
 10591 | D:11     | Noticed Josephine
 10602 | D:11     | Killed Josephine
 10608 | D:11     | 10608 ||| INVOKING Heroism.
 10636 | D:11     | 10636 ||| Stepping ~*~*~tactically~*~*~ (stealth).
 10675 | D:11     | 10675 ||| FLEEEEING.
 10765 | D:11     | Found a runed translucent door.
 10793 | D:11     | Reached skill level 12 in Axes
 10824 | D:11     | 10824 ||| Stepping ~*~*~tactically~*~*~ (stealth).
 10834 | D:11     | Reached skill level 6 in Invocations
 10847 | D:11     | 10847 ||| FLEEEEING.
 10848 | D:11     | 10848 ||| FLEEEEING.
 10849 | D:11     | 10849 ||| INVOKING Heroism.
 10861 | D:11     | Found a staircase to the Lair.
 10865 | D:11     | Received a gift from Okawaru
 10954 | D:11     | Identified the +3 scimitar of the Pyrrhic Victory {freeze,
                  | Will+ Dex+2}
 10971 | D:11     | Found a runed translucent door.
 10978 | D:11     | Noticed a boulder beetle
 10979 | D:11     | 10979 ||| INVOKING Heroism.
 11001 | D:11     | Killed a boulder beetle
 11109 | D:11     | Reached skill level 9 in Armour
 11257 | D:11     | 11257 ||| PLANNING LAIR
 11257 | D:11     | 11257 ||| UPGRADING to +0 plate armour of positive energy.
 11267 | D:11     | 11267 ||| DROPPING +0 plate armour.
 11289 | Lair:1   | Entered Level 1 of the Lair of Beasts
 11290 | Lair:1   | 11290 ||| INVOKING Heroism.
 11309 | Lair:1   | 11309 ||| STAIRDANCE
 11579 | Lair:1   | 11579 ||| Stepping ~*~*~tactically~*~*~ (stealth).
 11580 | Lair:1   | 11580 ||| Stepping ~*~*~tactically~*~*~ (stealth).
 11596 | Lair:1   | 11596 ||| Stepping ~*~*~tactically~*~*~ (stealth).
 11687 | Lair:1   | 11687 ||| FLEEEEING.
 11736 | Lair:1   | 11736 ||| Stepping ~*~*~tactically~*~*~ (stealth).
 11755 | Lair:1   | Reached ***** piety under Okawaru
 11856 | Lair:1   | 11856 ||| Stepping ~*~*~tactically~*~*~ (stealth).
 12554 | Lair:1   | 12554 ||| UPGRADING to +2 hat.
 12578 | Lair:2   | Noticed Amaemon
 12579 | Lair:2   | 12579 ||| Stepping ~*~*~tactically~*~*~ (hiding).
 12580 | Lair:2   | 12580 ||| Stepping ~*~*~tactically~*~*~ (hiding).
 12582 | Lair:2   | 12582 ||| Stepping ~*~*~tactically~*~*~ (hiding).
 12583 | Lair:2   | 12583 ||| Stepping ~*~*~tactically~*~*~ (stealth).
 12651 | Lair:2   | 12651 ||| INVOKING Heroism.
 12659 | Lair:2   | Killed Amaemon
 12660 | Lair:2   | Reached skill level 9 in Invocations
 12662 | Lair:2   | Reached XP level 13. HP: 82/82 MP: 17/19
 12668 | Lair:2   | 12668 ||| Stepping ~*~*~tactically~*~*~ (stealth).
 12670 | Lair:2   | 12670 ||| INVOKING Heroism.
 12722 | Lair:2   | 12722 ||| INVOKING Heroism.
 12735 | Lair:2   | 12735 ||| Stepping ~*~*~tactically~*~*~ (stealth).
 12738 | Lair:2   | 12738 ||| INVOKING Finesse.
 12849 | Lair:2   | 12849 ||| INVOKING Heroism.
 12850 | Lair:2   | 12850 ||| INVOKING Finesse.
 12855 | Lair:2   | 12855 ||| SWAPPING to +2 war axe of flaming.
 12862 | Lair:2   | 12862 ||| SWAPPING to +10 war axe.
 12951 | Lair:2   | 12951 ||| Stepping ~*~*~tactically~*~*~ (stealth).
 13077 | Lair:2   | Found a staircase to the Snake Pit.
 13079 | Lair:2   | 13079 ||| Stepping ~*~*~tactically~*~*~ (hiding).
 13087 | Lair:2   | Received a gift from Okawaru
 13303 | Lair:2   | 13303 ||| INVOKING Heroism.
 13324 | Lair:2   | 13324 ||| Stepping ~*~*~tactically~*~*~ (stealth).
 13326 | Lair:2   | 13326 ||| INVOKING Finesse.
 13327 | Lair:2   | 13327 ||| SWAPPING to +2 war axe of flaming.
 13334 | Lair:2   | 13334 ||| SWAPPING to +10 war axe.
 13516 | Lair:3   | 13516 ||| INVOKING Heroism.
 13517 | Lair:3   | 13517 ||| INVOKING Finesse.
 13524 | Lair:3   | 13524 ||| SWAPPING to +2 war axe of flaming.
 13539 | Lair:3   | 13539 ||| SWAPPING to +10 war axe.
 13564 | Lair:3   | 13564 ||| Stepping ~*~*~tactically~*~*~ (stealth).
 13788 | Lair:3   | 13788 ||| INVOKING Heroism.
 13789 | Lair:3   | 13789 ||| INVOKING Finesse.
 13794 | Lair:3   | 13794 ||| SWAPPING to +2 war axe of flaming.
 13803 | Lair:3   | 13803 ||| SWAPPING to +10 war axe.
 13821 | Lair:3   | 13821 ||| Stepping ~*~*~tactically~*~*~ (stealth).
 13951 | Lair:3   | 13951 ||| INVOKING Heroism.
 14005 | Lair:3   | Found a staircase to the Shoals.
 14032 | Lair:3   | 14032 ||| READING scroll of enchant armour.
 14032 | Lair:3   | 14032 ||| ENCHANTING +1 pair of gloves.
 14039 | Lair:3   | 14039 ||| INVOKING Heroism.
 14041 | Lair:3   | 14041 ||| Stepping ~*~*~tactically~*~*~ (stealth).
 14077 | Lair:3   | 14077 ||| Stepping ~*~*~tactically~*~*~ (stealth).
 14082 | Lair:3   | 14082 ||| INVOKING Heroism.
 14902 | Lair:4   | 14902 ||| INVOKING Heroism.
 14907 | Lair:4   | 14907 ||| Stepping ~*~*~tactically~*~*~ (stealth).
 15052 | Lair:4   | Gained mutation: Your large and strong wings let you fly.
                  | [Gargoyle growth]
 15052 | Lair:4   | Reached XP level 14. HP: 88/88 MP: 21/21
 15130 | Lair:4   | 15130 ||| Stepping ~*~*~tactically~*~*~ (stealth).
 15132 | Lair:4   | 15132 ||| Stepping ~*~*~tactically~*~*~ (stealth).
 15147 | Lair:4   | 15147 ||| INVOKING Heroism.
 15158 | Lair:4   | Reached skill level 3 in Throwing
 15291 | Lair:4   | 15291 ||| Stepping ~*~*~tactically~*~*~ (stealth).
 15350 | Lair:4   | 15350 ||| Stepping ~*~*~tactically~*~*~ (stealth).
 15352 | Lair:4   | 15352 ||| INVOKING Heroism.
 15353 | Lair:4   | 15353 ||| INVOKING Finesse.
 15355 | Lair:4   | 15355 ||| SWAPPING to +2 war axe of flaming.
 15360 | Lair:4   | 15360 ||| SWAPPING to +10 war axe.
 15434 | Lair:4   | 15434 ||| INVOKING Heroism.
 15440 | Lair:4   | 15440 ||| INVOKING Finesse.
 15506 | Lair:4   | Reached skill level 12 in Shields
 15779 | Lair:4   | 15779 ||| FLEEEEING.
 15781 | Lair:4   | 15781 ||| FLEEEEING.
 15783 | Lair:4   | 15783 ||| INVOKING Heroism.
 15800 | Lair:4   | Identified the staff of death "Utucay" {rF+ rC+ rN+}
 16058 | Lair:4   | 16058 ||| UPGRADING to +6 ring of strength.
 16079 | Lair:5   | Entered Level 5 of the Lair of Beasts
 16120 | Lair:5   | 16120 ||| Stepping ~*~*~tactically~*~*~ (stealth).
 16129 | Lair:5   | 16129 ||| Stepping ~*~*~tactically~*~*~ (stealth).
 16193 | Lair:5   | 16193 ||| Stepping ~*~*~tactically~*~*~ (stealth).
 16339 | Lair:5   | Found a transporter.
 16351 | Lair:5   | Identified the +4 ring mail of Gofowiu {+Inv rC+}
 16378 | Lair:5   | Found a staircase to the Slime Pits.
 16389 | Lair:5   | 16389 ||| INVOKING Heroism.
 16390 | Lair:5   | 16390 ||| SWAPPING to +2 war axe of flaming.
 16395 | Lair:5   | 16395 ||| SWAPPING to +10 war axe.
 16449 | Lair:5   | 16449 ||| Stepping ~*~*~tactically~*~*~ (stealth).
 16495 | Lair:5   | Reached skill level 15 in Axes
 16626 | Lair:5   | 16626 ||| Stepping ~*~*~tactically~*~*~ (stealth).
 16627 | Lair:5   | 16627 ||| Stepping ~*~*~tactically~*~*~ (stealth).
 16628 | Lair:5   | 16628 ||| Stepping ~*~*~tactically~*~*~ (stealth).
 16629 | Lair:5   | 16629 ||| Stepping ~*~*~tactically~*~*~ (stealth).
 16631 | Lair:5   | 16631 ||| Stepping ~*~*~tactically~*~*~ (stealth).
 16635 | Lair:5   | 16635 ||| Stepping ~*~*~tactically~*~*~ (stealth).
 16660 | Lair:5   | 16660 ||| Stepping ~*~*~tactically~*~*~ (stealth).
 16668 | Lair:5   | 16668 ||| Stepping ~*~*~tactically~*~*~ (stealth).
 16669 | Lair:5   | 16669 ||| Stepping ~*~*~tactically~*~*~ (stealth).
 16670 | Lair:5   | 16670 ||| Stepping ~*~*~tactically~*~*~ (stealth).
 16689 | Lair:5   | 16689 ||| INVOKING Heroism.
 16694 | Lair:5   | 16694 ||| Stepping ~*~*~tactically~*~*~ (stealth).
 16704 | Lair:5   | 16704 ||| Stepping ~*~*~tactically~*~*~ (stealth).
 16705 | Lair:5   | 16705 ||| Stepping ~*~*~tactically~*~*~ (hiding).
 16732 | Lair:5   | 16732 ||| Stepping ~*~*~tactically~*~*~ (stealth).
 16741 | Lair:5   | 16741 ||| Stepping ~*~*~tactically~*~*~ (stealth).
 16742 | Lair:5   | 16742 ||| Stepping ~*~*~tactically~*~*~ (hiding).
 16743 | Lair:5   | 16743 ||| Stepping ~*~*~tactically~*~*~ (hiding).
 16745 | Lair:5   | 16745 ||| INVOKING Heroism.
 16774 | Lair:5   | 16774 ||| Stepping ~*~*~tactically~*~*~ (stealth).
 16784 | Lair:5   | 16784 ||| Stepping ~*~*~tactically~*~*~ (stealth).
 16814 | Lair:5   | 16814 ||| Stepping ~*~*~tactically~*~*~ (stealth).
 16821 | Lair:5   | Received a gift from Okawaru
 16826 | Lair:5   | 16826 ||| INVOKING Heroism.
 16869 | Lair:5   | 16869 ||| Stepping ~*~*~tactically~*~*~ (stealth).
 16886 | Lair:5   | 16886 ||| INVOKING Heroism.
 16887 | Lair:5   | 16887 ||| INVOKING Finesse.
 16974 | Lair:5   | 16974 ||| INVOKING Heroism.
 16975 | Lair:5   | 16975 ||| SWAPPING to +2 war axe of flaming.
 16982 | Lair:5   | 16982 ||| SWAPPING to +10 war axe.
 17007 | Lair:5   | 17007 ||| Stepping ~*~*~tactically~*~*~ (hiding).
 17071 | Lair:5   | 17071 ||| Stepping ~*~*~tactically~*~*~ (stealth).
 17082 | Lair:5   | 17082 ||| Stepping ~*~*~tactically~*~*~ (hiding).
 17101 | Lair:5   | 17101 ||| Stepping ~*~*~tactically~*~*~ (stealth).
 17107 | Lair:5   | 17107 ||| Stepping ~*~*~tactically~*~*~ (hiding).
 17186 | Lair:5   | Found a transporter.
 17191 | Lair:5   | Found a one-way gate to the infinite horrors of the Abyss.
 17196 | Lair:5   | Noticed qw's ghost (journeyman GrFi)
 17331 | Lair:5   | 17331 ||| Stepping ~*~*~tactically~*~*~ (hiding).
 17362 | Lair:5   | 17362 ||| FLEEEEING.
 17365 | Lair:5   | 17365 ||| FLEEEEING.
 17366 | Lair:5   | 17366 ||| FLEEEEING.
 17367 | Lair:5   | 17367 ||| FLEEEEING.
 17368 | Lair:5   | 17368 ||| FLEEEEING.
 17369 | Lair:5   | 17369 ||| FLEEEEING.
 17371 | Lair:5   | 17371 ||| FLEEEEING.
 17372 | Lair:5   | 17372 ||| FLEEEEING.
 17377 | Lair:5   | 17377 ||| FLEEEEING.
 17378 | Lair:5   | 17378 ||| FLEEEEING.
 17379 | Lair:5   | 17379 ||| FLEEEEING.
 17380 | Lair:5   | 17380 ||| FLEEEEING.
 17381 | Lair:5   | 17381 ||| FLEEEEING.
 17382 | Lair:5   | 17382 ||| FLEEEEING.
 17385 | Lair:5   | 17385 ||| FLEEEEING.
 17386 | Lair:5   | 17386 ||| FLEEEEING.
 17387 | Lair:5   | 17387 ||| FLEEEEING.
 17388 | Lair:5   | 17388 ||| FLEEEEING.
 17390 | Lair:5   | 17390 ||| FLEEEEING.
 17392 | Lair:5   | 17392 ||| FLEEEEING.
 17393 | Lair:5   | 17393 ||| FLEEEEING.
 17398 | Lair:5   | 17398 ||| FLEEEEING.
 17399 | Lair:5   | 17399 ||| FLEEEEING.
 17400 | Lair:5   | 17400 ||| FLEEEEING.
 17401 | Lair:5   | 17401 ||| FLEEEEING.
 17402 | Lair:5   | 17402 ||| STAIRDANCE
 17538 | Lair:5   | Reached skill level 12 in Fighting
 17538 | Lair:5   | Reached XP level 15. HP: 96/96 MP: 22/22
 17626 | Lair:5   | 17626 ||| FLEEEEING.
 17627 | Lair:5   | 17627 ||| FLEEEEING.
 17628 | Lair:5   | 17628 ||| FLEEEEING.
 17629 | Lair:5   | 17629 ||| FLEEEEING.
 17632 | Lair:5   | 17632 ||| FLEEEEING.
 17633 | Lair:5   | 17633 ||| FLEEEEING.
 17634 | Lair:5   | 17634 ||| FLEEEEING.
 17635 | Lair:5   | 17635 ||| FLEEEEING.
 17638 | Lair:5   | 17638 ||| FLEEEEING.
 17639 | Lair:5   | 17639 ||| FLEEEEING.
 17640 | Lair:5   | 17640 ||| FLEEEEING.
 17641 | Lair:5   | 17641 ||| FLEEEEING.
 17642 | Lair:5   | 17642 ||| FLEEEEING.
 17643 | Lair:5   | 17643 ||| STAIRDANCE
 17647 | Lair:5   | 17647 ||| STAIRDANCE
 17708 | Lair:5   | 17708 ||| Stepping ~*~*~tactically~*~*~ (stealth).
 17710 | Lair:5   | 17710 ||| Stepping ~*~*~tactically~*~*~ (hiding).
 17724 | Lair:5   | 17724 ||| Stepping ~*~*~tactically~*~*~ (hiding).
 17738 | Lair:5   | 17738 ||| Stepping ~*~*~tactically~*~*~ (stealth).
 17744 | Lair:5   | 17744 ||| FLEEEEING.
 17745 | Lair:5   | 17745 ||| FLEEEEING.
 17746 | Lair:5   | 17746 ||| FLEEEEING.
 17747 | Lair:5   | 17747 ||| Stepping ~*~*~tactically~*~*~ (hiding).
 17748 | Lair:5   | 17748 ||| FLEEEEING.
 17749 | Lair:5   | 17749 ||| FLEEEEING.
 17753 | Lair:5   | 17753 ||| INVOKING Heroism.
 17775 | Lair:5   | Reached skill level 3 in Dodging
 17978 | Lair:5   | Identified the +4 bardiche "Luwococo" {spect, rElec Will++
                  | SInv Stlth-}
 18060 | Lair:5   | 18060 ||| PLANNING D
 18225 | D:12     | Found Dinigen's Book Shoppe.
 18450 | D:12     | 18450 ||| Stepping ~*~*~tactically~*~*~ (hiding).
 18616 | D:12     | 18616 ||| Stepping ~*~*~tactically~*~*~ (hiding).
 18663 | D:12     | 18663 ||| Stepping ~*~*~tactically~*~*~ (stealth).
 18700 | D:12     | 18700 ||| Stepping ~*~*~tactically~*~*~ (stealth).
 18762 | D:12     | Identified the +2 helmet of Rationality {Str+2 Dex+2}
 18802 | D:12     | 18802 ||| READING scroll of enchant armour.
 18802 | D:12     | 18802 ||| ENCHANTING +0 pair of boots.
 18822 | D:12     | Identified the +1 leather armour of Vanity {MP+9 Str+2}
 18906 | D:12     | Found a staircase to the Orcish Mines.
 18922 | D:12     | 18922 ||| Stepping ~*~*~tactically~*~*~ (cloud).
 19150 | D:12     | 19150 ||| Stepping ~*~*~tactically~*~*~ (stealth).
 19198 | D:12     | 19198 ||| READING 14 scrolls of identify.
 19198 | D:12     | 19198 ||| IDENTIFYING black potion
 19199 | D:12     | 19199 ||| READING 13 scrolls of identify.
 19199 | D:12     | 19199 ||| IDENTIFYING bubbling pink potion
 19200 | D:12     | 19200 ||| DROPPING potion of degeneration.
 19201 | D:12     | 19201 ||| DROPPING potion of flight.
 19233 | D:13     | 19233 ||| FLEEEEING.
 19234 | D:13     | 19234 ||| FLEEEEING.
 19235 | D:13     | 19235 ||| FLEEEEING.
 19236 | D:13     | 19236 ||| FLEEEEING.
 19244 | D:13     | 19244 ||| STAIRDANCE
 19283 | D:13     | 19283 ||| Stepping ~*~*~tactically~*~*~ (hiding).
 19478 | D:13     | 19478 ||| INVOKING Heroism.
 19479 | D:13     | 19479 ||| INVOKING Finesse.
 19675 | D:13     | 19675 ||| INVOKING Heroism.
 19783 | D:13     | Received a gift from Okawaru
 19878 | D:13     | 19878 ||| UPGRADING to amulet of reflection.
 19903 | D:14     | 19903 ||| INVOKING Heroism.
 19909 | D:14     | Reached skill level 6 in Throwing
 19919 | D:14     | HP: 15/96 [white ugly thing (18)]
 19920 | D:14     | 19920 ||| READING 5 scrolls of teleportation.
 19921 | D:14     | 19921 ||| DRINKING 5 potions of heal wounds.
 20125 | D:14     | 20125 ||| Stepping ~*~*~tactically~*~*~ (hiding).
 20153 | D:14     | Noticed Nessos
 20154 | D:14     | 20154 ||| INVOKING Finesse.
 20164 | D:14     | Killed Nessos
 20191 | D:14     | Received a gift from Okawaru
 20251 | D:14     | Identified the +0 tower shield "Ongunuus" {Contam rC+++
                  | Will+++}
 20251 | D:14     | Noticed Louise
 20252 | D:14     | 20252 ||| INVOKING Heroism.
 20253 | D:14     | 20253 ||| INVOKING Finesse.
 20267 | D:14     | Killed Louise
 20377 | D:14     | Paralysed by a floating eye for 4 turns
 20400 | D:14     | Received a gift from Okawaru
 20409 | D:14     | 20409 ||| Stepping ~*~*~tactically~*~*~ (hiding).
 20419 | D:14     | 20419 ||| INVOKING Heroism.
 20545 | D:14     | Found a gate to the Vaults.
 20552 | D:14     | Identified the +0 leather armour of Qupeelynt {+Blink
                  | Regen+ Dex-3}
 20725 | D:14     | 20725 ||| PLANNING D
 20726 | D:14     | Received a gift from Okawaru
 20779 | D:14     | 20779 ||| PLANNING D
 21107 | D:14     | 21107 ||| UPGRADING to +0 tower shield "Ongunuus" {Contam
                  | rC+++ Will+++}.
 21117 | D:14     | 21117 ||| DROPPING +0 kite shield.
 21148 | D:15     | Entered Level 15 of the Dungeon
 21255 | D:15     | 21255 ||| Stepping ~*~*~tactically~*~*~ (hiding).
 21260 | D:15     | 21260 ||| Stepping ~*~*~tactically~*~*~ (hiding).
 21263 | D:15     | 21263 ||| Stepping ~*~*~tactically~*~*~ (hiding).
 21280 | D:15     | 21280 ||| Stepping ~*~*~tactically~*~*~ (hiding).
 21353 | D:15     | 21353 ||| INVOKING Heroism.
 21585 | D:15     | 21585 ||| READING scroll of brand weapon.
 21585 | D:15     | 21585 ||| BRANDING +10 war axe.
 21635 | D:15     | 21635 ||| Stepping ~*~*~tactically~*~*~ (stealth).
 21637 | D:15     | 21637 ||| Stepping ~*~*~tactically~*~*~ (stealth).
 21677 | D:15     | Found a staircase to the Depths.
 21769 | D:15     | 21769 ||| Stepping ~*~*~tactically~*~*~ (hiding).
 21771 | D:15     | 21771 ||| Stepping ~*~*~tactically~*~*~ (hiding).
 21772 | D:15     | 21772 ||| Stepping ~*~*~tactically~*~*~ (hiding).
 21773 | D:15     | 21773 ||| Stepping ~*~*~tactically~*~*~ (hiding).
 21776 | D:15     | Received a gift from Okawaru
 21780 | D:15     | 21780 ||| Stepping ~*~*~tactically~*~*~ (stealth).
 21786 | D:15     | Reached XP level 16. HP: 95/101 MP: 23/23
 21805 | D:15     | 21805 ||| DROPPING +6 broad axe of electrocution.
 21863 | D:15     | 21863 ||| INVOKING Heroism.
 21864 | D:15     | 21864 ||| INVOKING Finesse.
 21870 | D:15     | 21870 ||| SWAPPING to +2 war axe of flaming.
 21874 | D:15     | 21874 ||| SWAPPING to +10 spectral war axe.
 22090 | D:15     | 22090 ||| Stepping ~*~*~tactically~*~*~ (hiding).
 22211 | D:15     | Found Loreoc's Antique Armour Boutique.
 22212 | D:15     | 22212 ||| INVOKING Heroism.
 22221 | D:15     | Reached skill level 15 in Shields
 22285 | D:15     | 22285 ||| BUYING pair of embroidered gloves (240 gold).
 22285 | D:15     | Bought a pair of embroidered gloves for 240 gold pieces
 22285 | D:15     | 22285 ||| BUYING shiny plate armour (832 gold).
 22285 | D:15     | Bought a shiny plate armour for 832 gold pieces
 22285 | D:15     | 22285 ||| SHOPLISTING shiny plate armour (832 gold, have
                  | 517).
 22341 | D:15     | 22341 ||| PLANNING ORC
 22341 | D:15     | 22341 ||| DROPPING +1 pair of gloves.
 22342 | D:15     | 22342 ||| DROPPING +4 ring mail of Gofowiu {+Inv rC+}.
 22343 | D:15     | 22343 ||| UPGRADING to +1 plate armour of poison
                  | resistance.
 22353 | D:15     | 22353 ||| DROPPING +0 plate armour of positive energy.
 22452 | Orc:1    | Entered Level 1 of the Orcish Mines
 22453 | Orc:1    | 22453 ||| STAIRDANCE
 22557 | Orc:1    | 22557 ||| INVOKING Heroism.
 22558 | Orc:1    | 22558 ||| INVOKING Finesse.
 22626 | Orc:1    | 22626 ||| Stepping ~*~*~tactically~*~*~ (stealth).
 22832 | Orc:1    | 22832 ||| Stepping ~*~*~tactically~*~*~ (stealth).
 22838 | Orc:1    | 22838 ||| Stepping ~*~*~tactically~*~*~ (stealth).
 22841 | Orc:1    | 22841 ||| Stepping ~*~*~tactically~*~*~ (hiding).
 23019 | Orc:2    | Entered Level 2 of the Orcish Mines
 23027 | Orc:2    | 23027 ||| Stepping ~*~*~tactically~*~*~ (hiding).
 23031 | Orc:2    | 23031 ||| Stepping ~*~*~tactically~*~*~ (hiding).
 23074 | Orc:2    | Found a large runed translucent door.
 23074 | Orc:2    | Found a large runed translucent door.
 23079 | Orc:2    | Noticed qw's ghost (journeyman GrFi)
 23089 | Orc:2    | 23089 ||| Stepping ~*~*~tactically~*~*~ (stealth).
 23098 | Orc:2    | 23098 ||| INVOKING Heroism.
 23150 | Orc:2    | Found a staircase to the Elven Halls.
 23162 | Orc:1    | 23162 ||| INVOKING Heroism.
 23171 | Orc:1    | 23171 ||| Stepping ~*~*~tactically~*~*~ (stealth).
 23173 | Orc:1    | 23173 ||| Stepping ~*~*~tactically~*~*~ (stealth).
 23217 | Orc:1    | 23217 ||| INVOKING Heroism.
 23233 | Orc:1    | HP: 22/101 [troll (5)]
 23234 | Orc:1    | 23234 ||| READING 4 scrolls of teleportation.
 23235 | Orc:1    | 23235 ||| DRINKING 6 potions of heal wounds.
 23715 | Orc:2    | 23715 ||| Stepping ~*~*~tactically~*~*~ (stealth).
 23718 | Orc:2    | 23718 ||| Stepping ~*~*~tactically~*~*~ (hiding).
 23719 | Orc:2    | 23719 ||| Stepping ~*~*~tactically~*~*~ (hiding).
 23729 | Orc:2    | 23729 ||| Stepping ~*~*~tactically~*~*~ (hiding).
 23733 | Orc:2    | 23733 ||| INVOKING Heroism.
 23737 | Orc:2    | 23737 ||| Stepping ~*~*~tactically~*~*~ (hiding).
 23748 | Orc:2    | HP: 17/101 [smoke demon/divine providence[an orc high
                  | priest] (14)]
 23748 | Orc:2    | Killed from afar by an orc priest

Levels and vault maps discovered:
D:1:      minmay_arrival_glassed_features, layout_loops_ring
D:2:      layout_basic, minmay_heptomino_w4
D:3:      layout_loops_ring, marbit_many_paths, fedhas_altar_fruit_tree,
          biasface_ghost_orc_armoury
D:4:      layout_loops_cross, chequers_serial_rivers_marsh, hex_large,
          guppyfry_shop_venom, uniq_blork_the_orc, uniq_pikel, uniq_robin
D:5:      layout_cave_pods, uniq_menkaure, uniq_edmund
D:6:      layout_basic, hangedman_abyss_or_decor_passed, grunt_ministairs_10,
          grunt_decor_fettered
D:7:      layout_cave_pools, minmay_temple_entry_grid
D:8:      layout_basic, mainiacjoe_overflow_boulevard,
          mainiacjoe_overflow_24_doors, grunt_decor_arrowhead,
          guppyfry_early_elven_hall, uniq_erica, uniq_prince_ribbit1,
          uniq_psyche
D:9:      layout_cave_pools, nicolae_hexahallways, uniq_harold, uniq_maggie
D:10:     layout_roguey, jmf_multi_god_temple, uniq_sonja
D:11:     lemuel_insect_pit, layout_rooms, david_lair_shrubbed,
          chequers_serial_rivers_small_a, minmay_misc_feat_alley,
          lightli_orcish_oven, uniq_josephine
D:12:     layout_loops_corners, erik_orc_2, serial_shops, shop
D:13:     layout_rooms
D:14:     layout_roguey, david_vaults_4, minmay_misc_feat_x, uniq_nessos,
          uniq_louise
D:15:     gammafunk_enter_depths_forms, layout_loops_ring, serial_shops,
          nicolae_shop_getting_attention, lightli_minifort
Temple:   kb_temple_of_zot
Lair:1:   layout_misc_corridors, cheibrodos_lair_reptile_den
Lair:2:   layout_loops_ring, minmay_snake_entry_spellcaster, uniq_amaemon
Lair:3:   layout_regular_city, nicolae_shoals_entry_roost
Lair:4:   nzn_winding_woodlands_three_and_one
          [nzn_winding_woodlands_5x15_lazy_stream,
          nzn_winding_woodlands_5x15_sidewinder,
          nzn_winding_woodlands_5x15_pockets,
          nzn_winding_woodlands_center_diamonds], layout_small_grid
Lair:5:   guppyfry_lair_end_dragon, layout_gridlike,
          hangedman_lair_caniforms_friends, slime_entry_1,
          gammafunk_ghost_abyssal_escape, minmay_stone_trees_small
Orc:1:    layout_diamond_mine, minmay_orc_treasury
Orc:2:    st_orc_mages, layout_diamond_mine, ebering_ghost_disaster_area

Skill      XL: |  1  2  3  4  5  6  7  8  9 10 11 12 13 14 15 16 |
---------------+-------------------------------------------------+-----
Axes           | 2 3 4 5 7 8 10 11 12 14 15 16 | 16.0
Fighting       | 4 6 7 8 9 10 12 | 12.0
Dodging        | 1 2 3 |  3.3
Armour         | 4 5 8 9 10 11 | 11.0
Shields        | 5 9 10 11 12 14 16 | 16.1
Throwing       | 1 2 4 6 |  6.0
Invocations    | 4 9 10 | 10.0

Action                     |  1- 3 |  4- 6 |  7- 9 | 10-12 | 13-15 | 16-18 || total
---------------------------+-------+-------+-------+-------+-------+-------++-------
  Melee: War axe           |    98 |   130 |   235 |   443 |   994 |   127 ||  2027
         Headbutt          |     5 |    14 |    39 |    93 |   230 |    30 ||   411
  Throw: Boomerang         |       |       |     4 |    81 |   125 |    10 ||   220
         Javelin           |       |       |       |       |    60 |    14 ||    74
 Invoke: Heroism           |       |       |       |    20 |    27 |     7 ||    54
         Finesse           |       |       |       |       |    11 |     2 ||    13
    Use: Scroll            |     4 |     7 |     7 |     5 |     6 |     1 ||    30
         Potion            |     1 |     3 |     2 |     4 |     1 |     1 ||    12
   Stab: Petrified         |       |       |       |     2 |       |       ||     2
 Armour: Scale mail        |    30 |       |       |       |       |       ||    30
         Chain mail        |    24 |    94 |   179 |    41 |       |       ||   338
         Plate armour      |       |       |       |   163 |   538 |    32 ||   733
  Dodge: Dodged            |    37 |    39 |   103 |   101 |   213 |    12 ||   505
  Block: Buckler           |    11 |    19 |    62 |    20 |       |       ||   112
         Kite shield       |       |       |       |   130 |   431 |       ||   561
         Tower shield      |       |       |       |       |   110 |    91 ||   201
         Reflection        |       |       |       |       |    24 |    16 ||    40

Table legend:
 A = Non-vault XP
 B = Vault XP
 C = Vault XP percentage of total XP
 D = Non-vault monster count
 E = Vault monster count
 F = Vault count percentage of total count
                 A         B        C        D         E       F
            +---------+---------+-------+---------+---------+-------
      Total |  101793 |   44106 |  30.2 |     521 |     208 |  28.5
            +---------+---------+-------+---------+---------+-------
        D:1 |      37 |       0 |   0.0 |      21 |       0 |   0.0
        D:2 |      28 |      18 |  39.1 |      11 |       7 |  38.9
        D:3 |      58 |       1 |   1.7 |      20 |       1 |   4.8
        D:4 |     394 |     928 |  70.2 |      20 |      16 |  44.4
        D:5 |     510 |     334 |  39.6 |      19 |       2 |   9.5
        D:6 |    1862 |      50 |   2.6 |      33 |       2 |   5.7
        D:7 |     419 |       0 |   0.0 |      15 |       0 |   0.0
        D:8 |    1128 |    2123 |  65.3 |      21 |       4 |  16.0
        D:9 |    3258 |    1256 |  27.8 |      33 |       2 |   5.7
       D:10 |    1246 |    1809 |  59.2 |      12 |       3 |  20.0
       D:11 |    6295 |    2749 |  30.4 |      24 |      13 |  35.1
       D:12 |    3772 |     798 |  17.5 |      26 |      21 |  44.7
       D:13 |    4822 |       0 |   0.0 |       8 |       0 |   0.0
       D:14 |   11795 |    4036 |  25.5 |      29 |       6 |  17.1
       D:15 |   14105 |    6387 |  31.2 |      37 |      15 |  28.8
     Lair:1 |    5570 |     378 |   6.4 |      21 |       1 |   4.5
     Lair:2 |    6421 |    1671 |  20.7 |      19 |       3 |  13.6
     Lair:3 |   13122 |     650 |   4.7 |      36 |       1 |   2.7
     Lair:4 |   10800 |    2739 |  20.2 |      31 |       7 |  18.4
     Lair:5 |   10449 |   13499 |  56.4 |      31 |      71 |  69.6
      Orc:1 |    4508 |    4221 |  48.4 |      39 |      21 |  35.0
      Orc:2 |    1194 |     459 |  27.8 |      15 |      12 |  44.4
            +---------+---------+-------+---------+---------+-------
